 Dungeon Crawl Stone Soup version 0.22.1-1-ga44c0e56f4 (webtiles) character file.

61 Gargoyl the Skirmisher (level 3, -3/34 HPs)
             Began as a Centaur Abyssal Knight on Oct 12, 2018.
             Was a Believer of Lugonu.
             Killed from afar by Terence (9 damage)
             ... with a wand of flame (16)
             ... on level 1 of the Dungeon.
             The game lasted 00:02:36 (1842 turns).

Gargoyl the Skirmisher (Centaur Abyssal Knight)     Turns: 1842, Time: 00:02:36

Health: -3/34      AC:  9    Str: 14    XL:     3   Next: 83%
Magic:  5/5        EV:  7    Int:  9    God:    Lugonu [**....]
Gold:   42         SH:  0    Dex: 13    Spells: 2/2 levels left

rFire    . . .     SeeInvis .   a - +1 hand axe
rCold    . . .     Gourm    .   (no shield)
rNeg     . . .     Faith    .   g - +3 scale mail
rPois    .         Spirit   .   (no helmet)
rElec    .         Reflect  .   (no cloak)
rCorr    .         Harm     .   (no gloves)
MR       .....                  (no barding)
Stlth    +.........             (no amulet)
HPRegen  0.11/turn              (no ring)
MPRegen  0.09/turn              (no ring)

@: lethally poisoned (-3 -> -31), very quick
A: large, hooves 3, thin skeletal structure 2, deformed body, dopey 1, speed 2,
robust 1, tough skin 3
a: Depart the Abyss, Bend Space, Renounce Religion


You were on level 1 of the Dungeon.
You worshipped Lugonu.
Lugonu was pleased with you.
You were not hungry.

You visited 1 branch of the dungeon, and saw 2 of its levels.
You visited the Abyss 1 time.

You collected 42 gold pieces.

Inventory:

Hand Weapons
 a - a +1 hand axe (weapon)
Armour
 g - a +3 scale mail (worn)
Scrolls
 f - a scroll of identify
Comestibles
 c - 2 rations


   Skills:
 + Level 3.6 Fighting
 + Level 2.3 Axes
 * Level 1.8 Armour
 + Level 0.7 Dodging
 * Level 2.8 Invocations


You had 2 spell levels left.
You didn't know any spells.
Your spell library was empty.

Dungeon Overview and Level Annotations

Branches:
Dungeon (2/15)

Altars:

Annotations:
D:1 Terence


Innate Abilities, Weirdness & Mutations

You have hooves in place of feet.
Armour fits poorly on your strangely shaped body.
You cover ground very quickly.
You have extremely tough skin. (AC +3)
You have a moderately thin skeletal structure. (Dex +4, Stealth+)
You are dopey. (Int -2)
You are robust. (+10% HP)


Message History

You are lethally poisoned!
You hit Robin.
Robin is severely wounded.
You feel very sick. Robin hits you with a mace of venom.
You are more poisoned.
You slash Robin!
You kill Robin!
Lugonu accepts your kill.
You feel very sick.
Terence zaps a wand.
The puff of flame hits you!
It is a wand of flame (16).
* * * LOW HITPOINT WARNING * * *
You feel sick.
Things that are here:
a mace of venom; an animal skin; a helmet You closely miss Terence.
You kick Terence, but do no damage.
* * * LOW HITPOINT WARNING * * *
You feel very sick. Terence closely misses you.
Terence zaps a wand.
The puff of flame hits you!
You die...

........+...(#..+#.....##
#......††.†......##...##
################..##.##
##8###⌠###8###...#.#
##...........##.#...#
#8...........8#.#####
##...........##.#
#...##⌠##...##@#
##...#####...##@##
#8...8# #8..[8#..#
##...## ##...###.# #...#
#....# #.# #.### #.####
#.# #.# #.# #.# #.# #.#
#.# #.######.######.#
#...............#


You could see Terence.

Vanquished Creatures
  Robin (D:1)
  A dart slug (D:1)
  3 leopard geckos (D:1)
  13 goblins
  3 hobgoblins (D:1)
  6 jackals (D:1)
  5 bats (D:1)
  4 frilled lizards (D:1)
  8 rats (D:1)
44 creatures vanquished.

Notes
Turn   | Place    | Note
-------+----------+-------------------------------------------
     0 | Abyss:1  | Gargoyl the Centaur Abyssal Knight began the quest for the
                  | Orb.
     0 | Abyss:1  | Reached XP level 1. HP: 19/19 MP: 2/2
   121 | Abyss:1  | Noticed a starcursed mass
   140 | Abyss:1  | Noticed an ancient zyme
   145 | Abyss:1  | Noticed a raiju
   146 | Abyss:1  | Noticed a large abomination
   147 | D:1      | Escaped the Abyss
   557 | D:1      | Reached * piety under Lugonu
   623 | D:1      | Reached XP level 2. HP: 26/26 MP: 3/3
   957 | D:1      | Reached XP level 3. HP: 24/31 MP: 4/4
  1207 | D:2      | Noticed Robin
  1211 | D:2      | Noticed Terence
  1218 | D:1      | Reached ** piety under Lugonu
  1550 | D:1      | Gained mutation: You are dopey. (Int -2) [potion of
                  | mutation]
  1550 | D:1      | Gained mutation: You are robust. (+10% HP) [potion of
                  | mutation]
  1550 | D:1      | Gained mutation: You have a somewhat thin skeletal
                  | structure. (Dex +2, Stealth) [potion of mutation]
  1550 | D:1      | Gained mutation: You have a moderately thin skeletal
                  | structure. (Dex +4, Stealth+) [potion of mutation]
  1840 | D:1      | Killed Robin
  1842 | D:1      | Killed from afar by Terence

Skill      XL: |  1  2 |
---------------+-------+-----
Axes           | 2 |  2.3
Fighting       | |  3.6
Armour         | |  1.8
Dodging        | |  0.7
Invocations    | |  2.8

Action                   || total
-------------------------++-------
Melee: Hand axe          ||    97
       Kick              ||    15
Invok: Depart the Abyss  ||     1
       Bend Space        ||     1
  Use: Scroll            ||     6
       Potion            ||     2
  Eat: Chunk             ||     2
Armor: Leather armour    ||    18
       Scale mail        ||    82
       Chain mail        ||    12
Dodge: Dodged            ||    74
